 Dungeon Crawl Stone Soup version 0.27-a0-333-gfa571bf19a (webtiles) character file.

Game seed: 1105323953165105683

39 inc the Ducker (level 3, 17/17 HPs)
             Began as a Felid Monk on Feb 12, 2021.
             Quit the game on level 4 of the Dungeon.
             The game lasted 00:02:48 (2324 turns).

inc the Ducker (Felid Monk)                         Turns: 2324, Time: 00:02:49

Health: 17/17      AC:  1    Str:  7    XL:     3   Next: 28%
Magic:  4/4        EV: 23    Int: 11    God:
Gold:   125        SH:  0    Dex: 19    Spells: 2/2 levels left
                                        Lives:  0   Deaths: 1

rFire    . . .     SeeInvis +     - Unarmed
rCold    . . .     Faith    .   (shield unavailable)
rNeg     . . .     Spirit   .   (armour unavailable)
rPois    .         Reflect  .   (helmet unavailable)
rElec    .         Harm     .   (cloak unavailable)
rCorr    .         Rampage  .   (gloves unavailable)
Will     .....                  (boots unavailable)
Stlth    +++.......             (no amulet)
HPRegen  0.05/turn              (no ring)
MPRegen  0.09/turn              (no ring)

@: quick
A: very small, no armour, no weapons or thrown items, stealth, claws 1, fangs 3,
see invisible, speed 1, shaggy fur 1, sharp paws
a: no special abilities


You were on level 4 of the Dungeon.
You visited 1 branch of the dungeon, and saw 4 of its levels.

You collected 125 gold pieces.

Inventory:

Scrolls
 a - 2 scrolls of teleportation {unknown}
 b - 5 scrolls of identify {unknown}
 d - 2 scrolls of blinking {unknown}
 f - a scroll of amnesia {unknown}
Potions
 c - a potion of haste {unknown}
 e - a potion of mutation {unknown}
 g - 2 potions of heal wounds {unknown}


   Skills:
 - Level 3.0 Fighting
 + Level 6.9 Dodging
 - Level 2.6 Stealth
 - Level 3.0 Unarmed Combat


You had 2 spell levels left.
You didn't know any spells.
Your spell library contained the following spells:

 Spells                   Type           Power        Failure   Level
 Animate Skeleton         Necr           0%           34%         1
 Pain                     Necr           0%           34%         1
 Vampiric Draining        Necr           0%           71%         3
 Animate Dead             Necr           0%           98%         4
 Agony                    Necr           0%           100%        5


Dungeon Overview and Level Annotations

Branches:
Dungeon (4/15)
 Temple: D:4-7

Altars:
Kikubaaqudgha

Annotations:
D:3 2 transporters


Innate Abilities, Weirdness & Mutations

You cannot wear armour.
You are incapable of wielding weapons or throwing items.
Your paws allow you to move quietly. (Stealth)
You have sharp claws.
You have razor-sharp teeth.
You have supernaturally acute eyesight. (SInv)
You cover ground quickly.
You are covered in fur. (AC +1)
Your sharp claws are effective at attacking unaware monsters.


Message History

g - Guard the area. f - Follow me.
Anything else - Cancel.
You meow for attention!
You see here a hobgoblin corpse.
The ogre closely misses you.
You scratch the ogre.
The ogre is lightly wounded.
You scratch the ogre.
The ogre is moderately wounded.
The ogre closely misses you.
You barely miss the ogre.
The ogre is moderately wounded.
The ogre hits you with a +0 giant club!!
Ouch! That really hurt!
* * * LOW HITPOINT WARNING * * *
You are too injured to fight recklessly!
You see here a jackal corpse.
Things that are here:
a jackal corpse; a jackal corpse
Items here: )) [[ ††.
There is an open door here.
(D) Dungeon
Where to? (Enter - D:3, ? - help)
You see here a short sword.
There is a stone staircase leading down here.
You climb downwards.
A worker ant and a skeleton come into view.
Found an escape hatch in the floor.
There is a stone staircase leading up here.
There are monsters nearby!
The worker ant completely misses you.
There is a stone staircase leading up here.
The worker ant bites you!
You stop ascending the stairs.
You die...
You are lethally poisoned!
The worker ant poisons you!
You are now level 3!
You rejoin the land of the living...
Unknown command.
Are you sure you want to abandon this character and quit the game? (Confirm with "yes".)

#.
#.
#.
#.
#.##
..#
#.#
#@#
#.#
#.#
#.#
#.#
#.#
#.#
#.#


There were no monsters in sight!

Vanquished Creatures
  An adder (D:2)
  An adder skeleton (D:2)
  2 adder zombies (D:2)
  A worm (D:3)
  A dart slug (D:1)
  4 leopard geckos
  3 orcs (D:3)
  2 ball pythons
  A bat skeleton (D:2)
  5 giant cockroaches
  3 goblins
  6 hobgoblins
  4 jackals (D:3)
  7 kobolds
  5 bats
  A frilled lizard (D:1)
  A giant cockroach zombie (D:2)
  A jackal skeleton (D:2)
  A leopard gecko skeleton (D:2)
  5 rats
55 creatures vanquished.

Vanquished Creatures (others)
  4 withered plants (D:2)
4 creatures vanquished.

Grand Total: 59 creatures vanquished

Notes
Turn   | Place    | Note
-------+----------+-------------------------------------------
     0 | D:1      | inc the Felid Monk began the quest for the Orb.
     0 | D:1      | Reached XP level 1. HP: 10/10 MP: 2/2
   208 | D:1      | Reached XP level 2. HP: 14/14 MP: 3/3
   265 | D:1      | Reached skill level 5 in Dodging
   763 | D:2      | Reached XP level 3. HP: 11/17 MP: 4/4
  1026 | D:2      | Reached skill level 6 in Dodging
  1234 | D:2      | Found an ancient bone altar of Kikubaaqudgha.
  1716 | D:3      | Reached XP level 4. HP: 21/21 MP: 5/5
  1733 | D:3      | Found a transporter.
  1759 | D:3      | Found a transporter.
  2068 | D:3      | Noticed an ogre
  2323 | D:4      | Slain by a worker ant
  2324 | D:4      | Reached XP level 3. HP: 0/17 MP: 4/4
  2324 | D:4      | Quit the game

Illustrated notes

Levels and vault maps discovered:
D:1:      lightli_arrival_quake, layout_loops_ring, minmay_door_square,
          minmay_liquid_box, chequers_mini_garden
D:2:      layout_basic, lemuel_crystal_altar, serial_undead, serial_undead_f,
          serial_undead_c, serial_undead_e, serial_undead_b, serial_undead_b,
          serial_undead_f, serial_undead_f
D:3:      gammafunk_wand_slinger, layout_basic, minmay_ogre_servants
D:4:      layout_loops_ring, minmay_temple_entry_grid, minivault_19,
          minmay_joined_circles

Skill      XL: |  1  2  3 |
---------------+----------+-----
Dodging        | 5 6 |  6.9
Fighting       | |  3.0
Stealth        | |  2.6
Unarmed Combat | |  3.0

Action                   |  1- 3 |  4- 6 || total
-------------------------+-------+-------++-------
Melee: Unarmed           |   102 |    46 ||   148
       Bite              |    10 |     2 ||    12
       Punch             |       |     1 ||     1
 Stab: Sleeping          |    15 |       ||    15
       Distracted        |       |     1 ||     1
Armor: Skin              |     3 |       ||     3
Dodge: Dodged            |    79 |    30 ||   109

Table legend: (Time is in decaauts)
 A = Elapsed time spent in this place.
 B = Non-inter-level travel time spent in this place.
 C = Inter-level travel time spent in this place.
 D = Time resting spent in this place.
 E = Time spent auto-exploring this place.
 F = Levels seen in this place.
 G = Mean time per level.
                   A        B        C        D        E       F      G
               +--------+--------+--------+--------+--------+-----+--------+
         Total |   1989 |   1926 |     63 |      0 |   1474 |   4 |  497.2 |
       Dungeon |   1989 |   1926 |     63 |      0 |   1474 |   4 |  497.2 |
               +--------+--------+--------+--------+--------+-----+--------+

Top non-repeatable levels by time:
     D:2: 823 daAuts
     D:1: 594 daAuts
     D:3: 560 daAuts
     D:4: 11 daAuts
